 Dungeon Crawl Stone Soup version 0.23.2-30-g0e89c35649 (webtiles) character file.

Game seed: 1128068981480352107

3105 Revguard the Ducker (level 9, -1/87 HPs)
             Began as a Demonspawn Gladiator on June 14, 2019.
             Was a Follower of Dithmenos.
             Slain by a hog (2 damage)
             ... on level 7 of the Dungeon.
             The game lasted 00:26:12 (8988 turns).

Revguard the Ducker (Demonspawn Gladiator)          Turns: 8988, Time: 00:26:13

Health: -1/87      AC:  8    Str: 20    XL:     9   Next: 60%
Magic:  0/11       EV: 17    Int: 10    God:    Dithmenos [*.....]
Gold:   330        SH:  0    Dex: 17    Spells: 8/8 levels left

rFire    . . .     SeeInvis .   m - +1 dagger (venom)
rCold    + . .     Gourm    .   (no shield)
rNeg     . . .     Faith    .   b - +0 leather armour
rPois    .         Spirit   +   c - +0 helmet
rElec    .         Reflect  .   n - +1 cloak
rCorr    .         Harm     .   k - +0 pair of gloves
MR       .....                  (no boots)
Stlth    ..........             g - amulet of guardian spirit
HPRegen  0.24/turn              o - ring of flight
MPRegen  0.12/turn              r - ring of wizardry

@: berserking, wreathed by umbra, very quick
A: talons 2, cold resistance 1, frail 1, nightstalker 3, MP-powered wands
a: Renounce Religion, Evoke Flight


You were on level 7 of the Dungeon.
You worshipped Dithmenos.
Dithmenos was aware of your devotion.
You were not hungry.

You visited 2 branches of the dungeon, and saw 8 of its levels.

You collected 330 gold pieces.

Inventory:

Hand Weapons
 a - a +0 long sword
 h - a +2 dagger of protection
 m - a +1 dagger of venom (weapon)
Missiles
 d - 4 throwing nets
 t - 8 tomahawks (quivered)
Armour
 b - a +0 leather armour (worn)
 c - a +0 helmet (worn)
 k - a +0 pair of gloves (worn)
 n - a +1 cloak (worn)
Jewellery
 g - an amulet of guardian spirit (around neck)
 o - a ring of flight (left hand)
 r - a ring of wizardry (right hand)
 x - a +3 ring of evasion {unknown}
 z - an uncursed ring of ice
Wands
 u - a wand of digging (4)
 y - a wand of paralysis (8)
Scrolls
 e - 4 scrolls of teleportation
 i - a scroll of fog
 p - 3 scrolls of remove curse
 q - 3 scrolls of magic mapping
 w - a scroll of enchant weapon
 A - a scroll of random uselessness
Potions
 j - a potion of invisibility
 v - 2 potions of curing
 B - a potion of haste
Comestibles
 f - 9 rations
 C - 5 chunks of flesh


   Skills:
 + Level 4.2 Fighting
 + Level 3.1(4.8) Short Blades
 - Level 5.8(6.2) Long Blades
 + Level 1.8 Throwing
 + Level 3.8 Armour
 * Level 7.2 Dodging
 * Level 6.1 Stealth
 * Level 3.4 Invocations


You had 8 spell levels left.
You didn't know any spells.
Your spell library contained the following spells:

 Spells                   Type           Power        Failure   Level  Hunger
 Beastly Appendage        Tmut           #.....       17%         1    ##.....
 Sticks to Snakes         Tmut           #.......     26%         2    ###....
 Spider Form              Tmut/Pois      #.........   45%         3    ####...
 Ice Form                 Ice/Tmut       #.......     83%         4    #####..
 Blade Hands              Tmut           #.........   99%         5    ######.


Dungeon Overview and Level Annotations

Branches:
Dungeon (7/15)             Temple (1/1) D:5

Altars:
Ashenzari
Cheibriados
Dithmenos
Elyvilon
Fedhas
Gozag
Hepliaklqana
Kikubaaqudgha
Makhleb
Nemelex Xobeh
Okawaru
Qazlal
Ru
Sif Muna
Trog
Uskayaw
Vehumet
Wu Jian
Xom
Yredelemnul
Zin
The Shining One


Innate Abilities, Weirdness & Mutations

You have razor-sharp toenails.
Your flesh is cold resistant. (rC+)
You are completely attuned to the shadows.
You are frail. (-10% HP)
You expend magic power (3 MP) to strengthen your wands.


Message History

The hog bites you.
* * * LOW HITPOINT WARNING * * *
The hog misses you.
A red film seems to cover your vision as you go berserk!
You feel yourself moving faster!
You feel mighty! The hog bites you.
* * * LOW HITPOINT WARNING * * *
The hog barely misses you. The hog bites you!
* * * LOW HITPOINT WARNING * * *
The hog misses you. The hog closely misses you.
You puncture the hog!
The hog is poisoned.
You claw the hog.
You kill the hog!
Dithmenos accepts your kill.
Your base Short Blades skill increases to level 3!
The hog bites you.
* * * LOW HITPOINT WARNING * * *
The hog closely misses you.
You puncture the hog!
The hog is poisoned.
Your kick misses the hog.
The hog is moderately wounded.
The hog bites you.
You die...

###'###.....#
...........##
...........#
...........#
...........#
...........##########
....................#
....................#
...............h@)).#
######.........h†h).#
..h.#..........).).#
h...#..............#
#'###..............#
....#..............#
%...)..............#
#####.##############
###


You could see 3 hogs.

Vanquished Creatures
  Sigmund (D:6)
  A hog (D:7)
  A human (D:7)
  A yak (D:7)
  A hungry ghost (D:7)
  Edmund (D:6)
  A water moccasin (D:5)
  A sky beast (D:6)
  2 orc warriors (D:6)
  2 ice beasts (D:5)
  3 phantoms
  2 centaurs
  3 bullfrogs
  A scorpion (D:6)
  2 hounds
  4 orc priests
  Crazy Yiuf (D:3)
  13 orc wizards
  A bullfrog skeleton (D:4)
  2 iguanas
  4 worker ants
  A killer bee zombie (D:6)
  A worker ant zombie (D:7)
  10 adders
  4 gnolls (D:2)
  3 shadow imps
  An adder skeleton (D:4)
  2 worms (D:3)
  2 dart slugs
  6 leopard geckos
  28 orcs
  5 giant cockroaches
  5 goblins
  4 hobgoblins
  8 jackals
  7 kobolds
  5 quokkas
  3 ball pythons
  2 bats
  3 frilled lizards
  2 leopard gecko zombies
  2 quokka zombies
  3 rats
155 creatures vanquished.

Notes
Turn   | Place    | Note
-------+----------+-------------------------------------------
     0 | D:1      | Revguard the Demonspawn Gladiator began the quest for the
                  | Orb.
     0 | D:1      | Reached XP level 1. HP: 16/16 MP: 1/1
   257 | D:1      | Reached skill level 3 in Dodging
   257 | D:1      | Gained mutation: You have sharp toenails. [demonic
                  | ancestry]
   257 | D:1      | Reached XP level 2. HP: 16/22 MP: 2/2
   760 | D:2      | Gained mutation: You have razor-sharp toenails. [demonic
                  | ancestry]
   760 | D:2      | Reached XP level 3. HP: 27/27 MP: 3/3
  1035 | D:2      | Gained mutation: You are slightly more attuned to the
                  | shadows. [demonic ancestry]
  1035 | D:2      | Reached XP level 4. HP: 22/33 MP: 2/4
  1383 | D:2      | Found a glowing golden altar of the Shining One.
  2019 | D:3      | Found a snail-covered altar of Cheibriados.
  2019 | D:3      | Noticed a bullfrog
  2029 | D:3      | Killed a bullfrog
  2029 | D:3      | Reached skill level 1 in Armour
  2029 | D:3      | Reached skill level 1 in Stealth
  2029 | D:3      | Gained mutation: You are significantly more attuned to the
                  | shadows. [demonic ancestry]
  2029 | D:3      | Reached XP level 5. HP: 22/39 MP: 3/5
  2743 | D:3      | Found a runed translucent door.
  2745 | D:3      | Noticed Crazy Yiuf
  2757 | D:3      | Killed Crazy Yiuf
  3456 | D:4      | Gained mutation: Your flesh is cold resistant. (rC+)
                  | [demonic ancestry]
  3456 | D:4      | Reached XP level 6. HP: 40/46 MP: 4/6
  3568 | D:4      | Reached skill level 4 in Dodging
  3838 | D:4      | Gained mutation: You are frail. (-10% HP) [potion of
                  | mutation]
  3838 | D:4      | Gained mutation: You expend magic power (3 MP) to
                  | strengthen your wands. [potion of mutation]
  3986 | D:4      | Found a burning altar of Makhleb.
  3988 | D:4      | Noticed a green death
  3990 | D:4      | Noticed a smoke demon
  3990 | D:4      | Noticed an orange demon
  4056 | D:4      | Gained mutation: You are completely attuned to the shadows.
                  | [demonic ancestry]
  4056 | D:4      | Reached XP level 7. HP: 10/45 MP: 5/7
  4469 | D:4      | Reached skill level 5 in Long Blades
  4919 | D:5      | Entered Level 5 of the Dungeon
  4988 | D:5      | Reached skill level 5 in Dodging
  5792 | D:5      | Reached XP level 8. HP: 50/52 MP: 6/8
  6236 | D:5      | Found a stormy altar of Qazlal.
  6566 | D:5      | Found a staircase to the Ecumenical Temple.
  6577 | Temple   | Entered the Ecumenical Temple
  6691 | Temple   | Became a worshipper of Dithmenos the Shadowed
  6955 | D:6      | Noticed Sigmund
  6959 | D:6      | Killed Sigmund
  6959 | D:6      | Reached skill level 1 in Short Blades
  6996 | D:6      | Reached skill level 6 in Dodging
  7481 | D:6      | Found a blossoming altar of Fedhas.
  7483 | D:6      | Found an opulent altar of Gozag.
  7495 | D:6      | Reached skill level 1 in Invocations
  7499 | D:6      | Found a bloodstained altar of Trog.
  7499 | D:6      | Found a sacrificial altar of Ru.
  7500 | D:6      | Found a glowing silver altar of Zin.
  7558 | D:6      | Noticed Edmund
  7564 | D:6      | Killed Edmund
  7564 | D:6      | Reached skill level 5 in Stealth
  7564 | D:6      | Reached XP level 9. HP: 55/58 MP: 8/10
  7853 | D:6      | Found a burning altar of Makhleb.
  8052 | D:6      | Reached * piety under Dithmenos
  8780 | D:7      | Reached skill level 7 in Dodging
  8984 | D:7      | HP: 1/58 [hog (9)]
  8988 | D:7      | Slain by a hog

Skill      XL: |  1  2  3  4  5  6  7  8  9 |
---------------+----------------------------+-----
Long Blades    | 3 4 5 |  5.8
Dodging        | 3 4 5 6 7 |  7.2
Armour         | 1 2 3 |  3.8
Stealth        | 1 2 3 5 6 |  6.1
Fighting       | 3 4 |  4.2
Short Blades   | 1 3 |  3.1
Invocations    | 1 3 |  3.4
Throwing       | |  1.8

Action                   |  1- 3 |  4- 6 |  7- 9 || total
-------------------------+-------+-------+-------++-------
Melee: Long sword        |    69 |   163 |    73 ||   305
       Kick              |     9 |    28 |   127 ||   164
       Dagger            |       |       |   328 ||   328
Throw: Tomahawk          |       |     4 |     1 ||     5
       Throwing net      |       |     1 |       ||     1
  Use: Potion            |     2 |     6 |     6 ||    14
       Scroll            |       |       |    12 ||    12
 Stab: Sleeping          |     1 |    10 |    15 ||    26
       Distracted        |       |       |     1 ||     1
  Eat: Ration            |       |     1 |     4 ||     5
       Chunk             |       |     6 |     8 ||    14
Armor: Leather armour    |    23 |    28 |   109 ||   160
       Skin              |       |    92 |     1 ||    93
Dodge: Dodged            |    51 |    88 |   289 ||   428
       Rpst.: Long sword |    16 |    27 |    19 ||    62
